 Dungeon Crawl Stone Soup version 0.29.0-7-g18a832c13a (webtiles) character file.

Game seed: 1438188932389932332

560 Zeldest the Cleaver (level 7, -1/60 (62) HPs)
             Began as a Hill Orc Monk on Aug 30, 2022.
             Was a Priest of the Shining One.
             Killed from afar by Duvessa (11 damage)
             ... with a puff of flame
             ... on level 5 of the Dungeon.
             The game lasted 00:04:17 (4901 turns).

Zeldest the Cleaver (Hill Orc Monk)                 Turns: 4901, Time: 00:04:17

HP:   -1/60 (62)    AC:  9    Str: 16    XL:     7   Next: 31%
MP:   10/10         EV: 10    Int: 10    God:    the Shining One [***...]
Gold: 267           SH:  0    Dex: 13    Spells: 6/6 levels left

rFire   . . .      SeeInvis .   t - +0 war axe
rCold   . . .      Faith    .   (no shield)
rNeg    + . .      Spirit   .   v - +0 scale mail
rPois   .          Reflect  .   e - +2 helmet
rElec   .          Harm     .   (no cloak)
rCorr   .          Rampage  .   (no gloves)
Will    .....                   (no boots)
Stlth   ..........              (no amulet)
HPRegen 0.20/turn               (no ring)
MPRegen 0.12/turn               (no ring)

@: confused, mighty, ambrosia-drunk, glowing, lightly drained
A: no striking features
a: Renounce Religion, Divine Shield, Cleansing Flame


You were on level 5 of the Dungeon.
You worshipped the Shining One.
The Shining One was most pleased with you.
You visited 1 branch of the dungeon, and saw 5 of its levels.

You collected 267 gold pieces.

Inventory:

Hand Weapons
 t - a +0 war axe (weapon)
Missiles
 b - 2 curare-tipped darts (quivered)
 w - a throwing net
Armour
 e - a +2 helmet (worn)
 v - a +0 scale mail (worn)
Jewellery
 f - a +6 ring of intelligence
Scrolls
 d - a scroll of noise {unknown}
 m - a scroll of torment {unknown}
 n - 2 scrolls of amnesia {unknown}
 o - a scroll of poison {unknown}
 p - 2 scrolls of enchant weapon {unknown}
 q - 2 scrolls of immolation {unknown}
 r - 2 scrolls of teleportation {unknown}
 u - 2 scrolls of fear {unknown}
Potions
 a - a potion of haste
 c - a potion of ambrosia
 g - a potion of brilliance {unknown}
 i - a potion of resistance {unknown}
 j - a potion of might
 k - 4 potions of attraction
 l - 2 potions of curing {unknown}
 s - 2 potions of degeneration {unknown}


   Skills:
 + Level 5.8 Fighting
 * Level 8.1 Axes
 - Level 2.4 Dodging
 - Level 1.5 Stealth
 + Level 4.6 Invocations


You had 6 spell levels left.
You didn't know any spells.
Your spell library contained the following spells:

 Spells                   Type           Power      Damage    Failure   Level
 Beastly Appendage        Tmut           0%         N/A       82%         1
 Summon Small Mammal      Summ           0%         N/A       82%         1
 Poisonous Vapours        Pois/Air       0%         N/A       91%         2
 Wereblood                Tmut           0%         N/A       91%         2
 Call Canine Familiar     Summ           0%         N/A       99%         3
 Spider Form              Tmut/Pois      0%         N/A       99%         3
 Stone Arrow              Conj/Erth      0%         3d7       99%         3
 Summon Guardian Golem    Hex/Summ       0%         N/A       99%         3
 Animate Armour           Summ/Erth      0%         N/A       100%        4
 Corpse Rot               Necr/Pois/Air  0%         N/A       100%        4
 Lehudib's Crystal Spear  Conj/Erth      0%         10d2      100%        8


Dungeon Overview and Level Annotations

Branches:
Dungeon (5/15)             Temple (0/1) D:4

Altars:
Ashenzari
Hepliaklqana
Xom
Yredelemnul
The Shining One

Shops:
D:1 !*   D:2 =

Annotations:
D:5 Dowan, Duvessa


Message History

Dowan casts a spell.
Dowan blinks!
You feel very mighty all of a sudden.
Blork the orc hits you with a +2 long sword of electrocution.
You slash Blork the orc!
Blork the orc is moderately wounded.
Blork the orc gestures at you while chanting.
The puff of flame hits you.
Blork the orc hits you with a +2 long sword of electrocution.
You are electrocuted!!
You slash Blork the orc!
Blork the orc is severely wounded.
Blork the orc hits you with a +2 long sword of electrocution!
Okay, then.
You hit Blork the orc.
Blork the orc is almost dead.
Blork the orc barely misses you. Blork the orc casts a spell at you.
The magic dart hits you.
* * * LOW HITPOINT WARNING * * *
Dowan mumbles some strange words.
Dowan blinks!
You barely miss Blork the orc.
Blork the orc is almost dead.
Blork the orc hits you but does no damage.
Blork the orc points at you and mumbles some strange words.
The magic dart hits you.
* * * LOW HITPOINT WARNING * * *
You slash Blork the orc!
You kill Blork the orc!
Your Axes skill increases to level 8!
You are confused.
You feel invigorated.
Duvessa hits you with a +1 rapier of draining!
* * * LOW HITPOINT WARNING * * *
You partially resist.
You feel drained.
Duvessa zaps a wand.
The puff of flame hits you.
* * * LOW HITPOINT WARNING * * *
Duvessa zaps a wand.
The puff of flame hits you!
You die...

##.##.#.###.#.#
##...#.#..(..#.#######
#.........#..........#
..#######...#.#.###.#.#####.#
......................# #.#
....####..#.#..#########
#.#### ..#.##...........#
#....# ..#.##.#..#.#..#.#
####.#
..#.##.#..#.#..#@####### #<#
..#.......#.#..#e#.....# #.#
...............#e#..e..# #)#
.........##.####...e...#
####)# .........##.#
###.....# #...).
..#########.# #.....# #.##.#
..# #^### ####### #.#..# ..#
#...##############.#.## ..#
####.##.......†...#.#.##


You could see Duvessa and Dowan.

Vanquished Creatures
  A water moccasin (D:5)
  Blork the orc (D:5)
  A gnoll sergeant (D:3)
  A scorpion (D:5)
  An orc priest (D:3)
  2 iguanas
  7 gnolls
  7 adders
  An ufetubus (D:5)
  2 worms (D:2)
  3 orcs
  4 ball pythons
  2 endoplasms (D:2)
  4 goblins
  3 hobgoblins
  2 jackals (D:2)
  3 kobolds
  A quokka (D:4)
  2 bats
  2 frilled lizards
  4 rats
54 creatures vanquished.

Notes
Turn   | Place    | Note
-------+----------+-------------------------------------------
     0 | D:1      | Zeldest the Hill Orc Monk began the quest for the Orb.
     0 | D:1      | Reached XP level 1. HP: 19/19 MP: 1/1
   153 | D:1      | Found Yruatef's Distillery.
   290 | D:1      | Found a faded altar of an unknown god.
   444 | D:1      | Prayed at the altar of an unknown god.
   444 | D:1      | Became a worshipper of the Shining One
   444 | D:1      | Reached * piety under the Shining One
   444 | D:1      | Reached ** piety under the Shining One
   602 | D:1      | Reached XP level 2. HP: 27/27 MP: 2/2
   615 | D:1      | Found Vacrasch's Assorted Antiques.
   615 | D:1      | You fall into a shaft and drop 1 floor!
   628 | D:2      | Reached skill level 1 in Invocations
   832 | D:2      | Reached XP level 3. HP: 26/33 MP: 2/4
  1169 | D:2      | Found Qioprumu's One-of-a-Kind Rings.
  1214 | D:2      | Reached *** piety under the Shining One
  1220 | D:2      | Reached skill level 5 in Axes
  1393 | D:2      | Reached XP level 4. HP: 24/40 MP: 5/5
  1789 | D:3      | Found a broken altar of Ashenzari.
  2026 | D:3      | Found a basalt altar of Yredelemnul.
  2991 | D:4      | Reached XP level 5. HP: 22/47 MP: 5/7
  3188 | D:4      | Found a staircase to the Ecumenical Temple.
  3454 | D:4      | Found a hazy altar of Hepliaklqana.
  3455 | D:4      | Found a shimmering altar of Xom.
  3456 | D:4      | Noticed a spectral ugly thing
  3513 | D:3      | Reached skill level 6 in Axes
  3772 | D:3      | HP: 2/47 [gnoll sergeant/+0 trident (10)]
  4106 | D:4      | Noticed an orc warrior
  4530 | D:3      | Reached XP level 6. HP: 50/55 MP: 8/8
  4531 | D:3      | Reached skill level 5 in Fighting
  4584 | D:5      | Entered Level 5 of the Dungeon
  4621 | D:5      | Noticed a water moccasin
  4631 | D:5      | Killed a water moccasin
  4632 | D:5      | Reached skill level 7 in Axes
  4724 | D:5      | Reached XP level 7. HP: 51/61 MP: 10/10
  4884 | D:5      | Noticed Blork the orc
  4884 | D:5      | Noticed Duvessa
  4884 | D:5      | Noticed Dowan
  4898 | D:5      | Killed Blork the orc
  4899 | D:5      | Reached skill level 8 in Axes
  4901 | D:5      | Killed from afar by Duvessa

Illustrated notes

Levels and vault maps discovered:
D:1:      dpeg_arrival_circle_labyrinth_a, layout_basic, serial_shops,
          nicolae_shop_hallway_plus, nicolae_square_shop,
          dreamdust_ecumenical_altar_statues
D:2:      layout_loops_corners, serial_bayou, serial_bayou_pond_e,
          serial_bayou_pond_d, serial_bayou_pond_d, serial_bayou_pond_d,
          nicolae_shop_unique_rings, hangedman_abyss_or_decor_lesser_grid,
          st_stairs_1
D:3:      layout_basic, yredelemnul_altar_generic, mainiacjoe_overflow_brackets
D:4:      layout_layer_cave, regret_index_temple_of_mockery,
          minmay_temple_entry_hall
D:5:      layout_loops_cross, uniq_blork_the_orc, uniq_pikel, uniq_duvessa

Skill      XL: |  1  2  3  4  5  6  7 |
---------------+----------------------+-----
Invocations    | 1 2 3 4 |  4.6
Fighting       | 4 5 |  5.8
Axes           | 5 6 7 8 |  8.1
Dodging        | |  2.4
Stealth        | |  1.5

Action                   |  1- 3 |  4- 6 |  7- 9 || total
-------------------------+-------+-------+-------++-------
Melee: Hand axe          |    83 |     4 |       ||    87
       Punch             |     2 |       |       ||     2
       War axe           |       |    96 |     9 ||   105
Invok: Divine Shield     |       |     1 |       ||     1
  Use: Potion            |       |     2 |     2 ||     4
       Scroll            |       |     1 |     2 ||     3
 Stab: Sleeping          |     1 |       |       ||     1
Armor: Robe              |    15 |    11 |       ||    26
       Scale mail        |       |    27 |     3 ||    30
Dodge: Dodged            |    67 |    78 |     8 ||   153
Block: Other             |       |     2 |       ||     2
